Map: 오토메이턴 - 래더

Players

Zanster

  • Race: Zerg Zerg
  • Spawn Location: 9:00

DnS - Winner!

  • Race: Protoss Protoss
  • Spawn Location: 3:00

Event: IEM Season 13: Katowice (2019)

VOD

Have the link to the VOD?

Description

Time

  • Played on: Feb. 26, 2019, 11 a.m.
  • Length: 8:53

All games in this series

Show
View Real Time Build Order
Export as new Build Order

Zanster Zerg 

Build Orders: Hatch First, Zergling Baneling 

Get SALT Encoding   

  12  0:00  Drone  
  13  0:13  Overlord  
  13  0:18  Drone  
  14  0:31  Drone x2  
  16  0:49  Hatchery  
  15  0:52  Drone  
  15  0:56  Drone  
  17  0:59  Drone  
  18  1:10  Extractor  
  17  1:16  Spawning Pool  
  17  1:18  Drone  
  17  1:21  Drone  
  18  1:29  Drone  
  19  1:40  Drone  
  20  1:51  Drone  
  21  2:02  Overlord  
  21  2:03  Queen  
  21  2:05  Zergling x2  
  24  2:12  Metabolic Boost  
  24  2:13  Zergling x2  
  24  2:14  Drone  
  26  2:16  Queen  
  26  2:22  Drone  
  29  2:23  Drone  
  30  2:33  Drone  
  30  2:34  Drone  
  32  2:46  Drone, Hatchery  
  32  2:48  Drone  
  33  2:58  Queen  
  35  3:00  Overlord  
  35  3:05  Drone  
  36  3:17  Drone, Spore Crawler  
  36  3:20  Drone  
  36  3:21  Drone x4  
  36  3:26  Overlord  
  39  3:27  Drone  
  39  3:30  Drone x2  
  42  3:38  Zergling x4  
  43  3:49  Zergling x2, Baneling Nest  
  43  3:50  Zergling x6  
  43  3:55  Zergling x4  
  46  3:59  Overlord  
  46  4:06  Zergling x2  
  46  4:07  Zergling x8  
  51  4:14  Zergling x4  
  53  4:22  Zergling x2  
  53  4:23  Zergling x8  
  58  4:30  Zergling x4  
  60  4:33  Overlord  
  60  4:42  Baneling x7  
  60  4:49  Zergling x10  
  60  4:51  Overlord  
  60  4:52  Baneling  
  63  5:12  Zergling x6  
  63  5:13  Zergling x14  
  70  5:16  Baneling x2  
  68  5:21  Zergling x6  
  66  5:32  Zergling x12  
  65  5:37  Zergling x2  
  63  5:53  Drone x4  
  63  5:54  Drone  
  66  5:57  Drone  
  66  5:58  Drone x3  
  66  5:59  Evolution Chamber, Drone  
  66  6:00  Drone  
  66  6:03  Drone  
  71  6:06  Drone x2  
  73  6:17  Drone x6  
  78  6:23  Drone  
  78  6:26  Drone  
  78  6:28  Extractor  
  78  6:29  Zerg Melee Weapons Level 1  
  78  6:30  Drone x3  
  81  6:36  Overlord  
  81  6:40  Overlord x2  
  81  6:44  Roach Warren  
  81  6:45  Drone  
  79  6:56  Extractor  
  79  6:58  Extractor, Drone x10  
  79  6:59  Drone  
  88  7:02  Overlord  
  87  7:12  Overlord  
  87  7:23  Extractor  
  87  7:26  Roach  
  87  7:27  Roach x11  
  109  7:30  Overlord  
  109  7:37  Overlord  
  109  7:43  Roach x3  
  115  7:44  Overlord  
  115  7:48  Roach x2  
  115  7:49  Roach  
  120  7:53  Overlord  
  120  7:56  Roach x2  
  122  8:02  Zergling x10  
  122  8:04  Ravager  
  122  8:05  Ravager  
  125  8:10  Zergling x14  
  125  8:12  Ravager  
  130  8:23  Zergling x2  
  130  8:24  Zergling x10  
  129  8:29  Overlord  
  129  8:31  Baneling  
  129  8:32  Baneling x4  
Show
View Real Time Build Order
Export as new Build Order

DnS Protoss - Winner!

Build Orders: 1 Gate Expand, Oracle Opening, Zealot Archon, Archon Drop 

Get SALT Encoding   

  12  0:00  Probe  
  13  0:12  Probe  
  14  0:19  Pylon  
  14  0:24  Probe  
  15  0:33  Probe  
  15  0:38  Gateway  
  15  0:41  Probe  
  16  0:47  Assimilator  
  17  0:51  Probe  
  18  1:03  Probe  
  19  1:15  Probe  
  20  1:25  Nexus  
  20  1:36  Cybernetics Core  
  21  1:40  Probe  
  21  1:44  Assimilator  
  21  1:52  Probe  
  22  1:55  Pylon  
  22  2:04  Adept, Probe  
  25  2:16  Probe  
  25  2:18  Stargate  
  26  2:25  Stalker  
  26  2:26  Warp Gate  
  26  2:28  Probe  
  27  2:34  Probe  
  29  2:42  Probe  
  29  2:43  Probe  
  32  2:52  Probe, Oracle  
  32  2:55  Probe  
  34  3:04  Probe  
  38  3:07  Probe  
  39  3:13  Adept  
  39  3:16  Probe  
  42  3:24  Gateway  
  42  3:26  Probe  
  43  3:28  Probe  
  43  3:33  Pylon  
  44  3:38  Probe  
  44  3:40  Probe, Assimilator  
  46  3:41  Assimilator  
  46  3:43  Oracle  
  44  3:49  Pylon  
  44  3:50  Probe  
  44  3:54  Probe  
  49  3:57  Robotics Facility  
  49  4:03  Probe  
  49  4:08  Twilight Council, Probe  
  51  4:15  Adept  
  51  4:16  Probe x2  
  55  4:24  Probe  
  55  4:27  Pylon  
  55  4:28  Probe  
  57  4:34  Warp Prism  
  57  4:42  Gateway  
  57  4:43  Gateway  
  59  4:47  Charge  
  59  4:50  Templar Archives  
  59  5:02  Zealot  
  61  5:07  Gateway  
  61  5:09  Pylon  
  63  5:17  Gateway  
  63  5:18  Gateway  
  63  5:20  Pylon  
  57  5:31  Pylon  
  57  5:33  Immortal, Pylon  
  57  5:37  Pylon  
  57  5:39  High Templar x2  
  57  5:41  Pylon  
  57  5:44  Archon  
  57  5:45  Pylon  
  61  6:03  Gateway  
  61  6:06  Oracle  
  64  6:11  High Templar  
  64  6:12  High Templar  
  64  6:15  Gateway  
  64  6:17  Zealot x2  
  72  6:19  Archon  
  72  6:27  Immortal  
  72  6:34  Gateway x2  
  72  6:35  Gateway  
  76  6:48  Zealot x3  
  76  6:49  Zealot  
  84  7:04  Pylon  
  84  7:12  Gateway, Pylon  
  84  7:16  High Templar x2  
  84  7:17  High Templar x2  
  84  7:20  Archon x2  
  84  7:21  Zealot  
  94  7:29  Nexus  
  94  7:30  Pylon  
  94  7:44  Zealot x4  
  96  7:49  Pylon  
  93  8:06  High Templar x3  
  93  8:08  Zealot x5, High Templar  
  93  8:11  Archon  
  111  8:15  Pylon  
  111  8:17  Pylon  
  111  8:22  Archon  
  111  8:31  Zealot x5  
  113  8:46  High Templar x2  
  113  8:47  Zealot x2  
  111  8:50  Archon  

Tags
 
Add a new tag
Caveats
  • Supply blocks, unpowered buildings, or Contaminate may cause inaccurate times.
  • Supply counts are checked every 10 seconds.